 Dungeon Sprint DCSS version 0.21.2 (webtiles) character file.

2349 Fang the Cleaver (level 9, -1/97 HPs)
             Began as a Gargoyle Berserker on Jan 10, 2019.
             Was the Champion of Trog.
             Slain by an orc warrior
             ... wielding a +0 mace
             ... led by an orc knight
              (5 damage)
             ... in the Dungeon (Sprint VII: "The Pits").
             The game lasted 00:01:58 (1163 turns).

Fang the Cleaver (Gargoyle Berserker)               Turns: 1163, Time: 00:01:58

Health: -1/97      AC: 23    Str: 30    XL:     9   Next: 43%
Magic:  9/9        EV: 16    Int:  7    God:    Trog [******]
Gold:   0          SH:  0    Dex:  9    Spells: 8/8 levels left

rFire    + . .     SeeInvis .   o - +6 war axe "Rawy" {venom, +Fly rF+}
rCold    . . .     Gourm    .   (no shield)
rNeg     + . .     Faith    .   s - +3 plate armour
rPois    ∞         Spirit   .   (no helmet)
rElec    +         Reflect  .   (no cloak)
rCorr    .         Harm     .   (no gloves)
MR       .....     NoTele   +   (no boots)
Stlth    ..........             (no amulet)
HPRegen  0.26/turn              p - +3 ring of evasion
MPRegen  0.11/turn              q - +3 ring of evasion

@: berserking, liquid flames, glowing, very quick
A: negative energy resistance 1, electricity resistance, unbreathing,
petrification resistance, rot immunity, AC +6
a: Berserk, Trog's Hand, Brothers in Arms, Burn Spellbooks, Renounce Religion,
Evoke Flight


You were in the Dungeon.
You worshipped Trog.
Trog was exalted by your worship.
You were hungry.

You visited 1 branch

Inventory:

Hand Weapons
 m - a +0 hand axe of freezing
 o - the +6 war axe "Rawy" (weapon) {venom, +Fly rF+}
   (Trog gifted it to you in the Dungeon)

   It poisons the flesh of those it strikes.
   It protects you from fire.
   It lets you fly.
 r - a +1 broad axe of chopping
Armour
 s - a +3 plate armour (worn)
Jewellery
 p - a +3 ring of evasion (left hand)
 q - a +3 ring of evasion (right hand)
Scrolls
 i - a scroll of blinking
 k - 3 scrolls of remove curse
 l - a scroll of summoning
Potions
 a - 2 potions of invisibility
 d - 7 potions of curing
 e - 14 potions of heal wounds
 f - a potion of haste
 g - 4 potions of magic
 h - 3 potions of berserk rage
Comestibles
 b - a chunk of flesh
 c - 9 rations


   Skills:
 + Level 11.7 Fighting
 + Level 12.9 Axes
 + Level 8.0 Armour
 + Level 7.0 Dodging
 + Level 5.7 Stealth


You had 8 spell levels left.
You didn't know any spells.

Dungeon Overview and Level Annotations

Branches:
Dungeon (1/1)

Altars:


Innate Abilities, Weirdness & Mutations

You are resistant to torment.
Your stone body is resilient. (AC +6)
You are immune to poison.
You resist negative energy. (rN+)
You are resistant to electric shocks. (rElec)
You can survive without breathing.
You are immune to petrification.
You are immune to rotting.


Message History

The deep troll misses you.
You slash the orc warrior!
The orc warrior is moderately wounded.
You hit the deep troll.
The deep troll looks as sick as possible!
You are covered in liquid flames!
* * * LOW HITPOINT WARNING * * *
The orc knight unwields an uncursed broad axe of chopping.
The orc knight wields an arbalest.
The orc knight shoots a bolt.
The bolt hits you!
* * * LOW HITPOINT WARNING * * *
Unknown command.
You closely miss the orc warrior.
The orc warrior is moderately wounded.
You slice the deep troll!!
The deep troll looks as sick as possible!
You are covered in liquid flames!
* * * LOW HITPOINT WARNING * * *
The orc warrior hits you with a mace.
You die...

.#.#####'#####''######
##.##.......##''#####
.#.##.......##......+ +
.'.##.......##......+ .+
#####...<...##.....##..#
)).##.......##...###....
).[##.......##..##......
#####.......##''#Ts.#..#
#..###########..@oWo....
#.############++#...#..#
#.#....#..[[# #.o..o.
#)#....#!.[[# ##..o.
#))....'..))# ..#
#)#....#.!).# .+
'.#....#!.))# +
#############


You could see an orc knight, a flayed ghost, a deep troll, 4 orc warriors and a
scorpion.

Vanquished Creatures
  An orc knight (D)
  An orc sorcerer (D)
  A smoke demon (D)
  A hippogriff (D)
  A steam dragon (D)
  A floating eye (D)
  2 porcupines (D)
  2 orc warriors (D)
  A necrophage (D)
  A centaur (D)
  A wolf (D)
  3 crimson imps (D)
  A gnoll (D)
  2 river rats (D)
  2 ufetubi (D)
  An ooze (D)
  A leopard gecko (D)
  4 orcs (D)
  2 bat skeletons (D)
  A bat zombie (D)
  A goblin (D)
  A hobgoblin (D)
  8 jackals (D)
  A rat (D)
41 creatures vanquished.

Notes
Turn   | Place    | Note
-------+----------+-------------------------------------------
     0 | D        | Fang the Gargoyle Berserker began the quest for the Orb.
     0 | D        | Reached XP level 1. HP: 14/14 MP: 1/1
    18 | D        | Reached skill level 3 in Axes
   106 | D        | Reached ** piety under Trog
   106 | D        | Reached XP level 2. HP: 13/20 MP: 2/2
   234 | D        | Reached skill level 4 in Axes
   234 | D        | Reached skill level 1 in Stealth
   287 | D        | Noticed a floating eye
   287 | D        | Noticed a crimson imp
   289 | D        | Reached XP level 3. HP: 25/25 MP: 3/3
   289 | D        | Reached *** piety under Trog
   291 | D        | Reached skill level 5 in Fighting
   292 | D        | Killed a floating eye
   292 | D        | Reached skill level 6 in Axes
   292 | D        | Reached XP level 4. HP: 32/32 MP: 4/4
   292 | D        | Reached XP level 5. HP: 37/37 MP: 5/5
   293 | D        | Reached **** piety under Trog
   359 | D        | Noticed a wolf
   359 | D        | Noticed a necrophage
   360 | D        | Noticed a centaur
   369 | D        | Reached skill level 7 in Axes
   371 | D        | Killed a centaur
   371 | D        | Reached ***** piety under Trog
   371 | D        | Reached XP level 6. HP: 32/44 MP: 6/6
   371 | D        | Reached skill level 8 in Axes
   375 | D        | Killed a necrophage
   375 | D        | Reached skill level 9 in Axes
   565 | D        | Noticed a steam dragon
   579 | D        | Killed a steam dragon
   579 | D        | Reached skill level 5 in Armour
   579 | D        | Reached skill level 5 in Dodging
   579 | D        | Reached XP level 7. HP: 12/51 MP: 7/7
   829 | D        | Reached skill level 10 in Axes
   830 | D        | Received a gift from Trog
   873 | D        | Reached skill level 10 in Fighting
   920 | D        | Got a polished war axe {god gift}
   921 | D        | Identified the +6 war axe "Rawy" {venom, +Fly rF+} (Trog gifted it to you in the Dungeon)
   922 | D        | Noticed an orc knight
   922 | D        | Noticed an orc sorcerer
   928 | D        | Reached ****** piety under Trog
   935 | D        | Killed an orc sorcerer
   935 | D        | Reached skill level 11 in Axes
   935 | D        | Reached skill level 5 in Stealth
   935 | D        | Reached XP level 8. HP: 59/59 MP: 8/8
   941 | D        | Received a gift from Trog
   942 | D        | Killed an orc knight
   942 | D        | Reached skill level 12 in Axes
   942 | D        | Reached XP level 9. HP: 64/64 MP: 9/9
  1018 | D        | Found the +6 Majin-Bo {vamp, Archmagi MP+6 Int+6}
  1151 | D        | Noticed a smoke demon
  1152 | D        | Noticed a deep troll
  1154 | D        | Noticed a flayed ghost
  1159 | D        | Noticed an orc knight
  1159 | D        | Killed a smoke demon
  1161 | D        | Received a gift from Trog
  1162 | D        | HP: 4/97 [orc knight/bolt (15)]
  1163 | D        | Slain by an orc warrior

Skill      XL: |  1  2  3  4  5  6  7  8  9 |
---------------+----------------------------+-----
Fighting       | 4 6 8 9 10 11 | 11.7
Axes           | 3 4 6 7 9 11 12 | 12.9
Dodging        | 2 3 4 5 6 7 |  7.0
Stealth        | 1 2 3 4 5 |  5.7
Armour         | 3 4 5 6 7 8 |  8.0

Action                   |  1- 3 |  4- 6 |  7- 9 || total
-------------------------+-------+-------+-------++-------
Melee: Hand axe          |    21 |    37 |    38 ||    96
       War axe           |       |       |    31 ||    31
Invok: Berserk           |       |     2 |     2 ||     4
 Stab: Sleeping          |     1 |       |       ||     1
  Eat: Chunk             |       |       |     4 ||     4
Armor: Animal skin       |     8 |     1 |       ||     9
       Chain mail        |       |    41 |    18 ||    59
       Plate armour      |       |       |    10 ||    10
Dodge: Dodged            |    25 |    26 |    26 ||    77
